 Dungeon Crawl Stone Soup version 0.23.2-33-g5129a83184 (webtiles) character file.

Game seed: 11940020059943411483

65 Destapler the Sneak (level 3, 0/18 HPs)
             Began as a Spriggan Assassin on July 27, 2019.
             Slain by an adder (5 damage)
             ... on level 2 of the Dungeon.
             The game lasted 00:16:38 (2654 turns).

Destapler the Sneak (Spriggan Assassin)             Turns: 2654, Time: 00:16:38

Health: 0/18       AC:  3    Str:  7    XL:     3   Next: 94%
Magic:  4/4        EV: 18    Int: 13    God:
Gold:   86         SH:  0    Dex: 17    Spells: 2/2 levels left

rFire    . . .     SeeInvis +   a - +2 dagger
rCold    . . .     Gourm    .   (shield restricted)
rNeg     . . .     Faith    .   c - +0 robe
rPois    .         Spirit   .   (helmet restricted)
rElec    .         Reflect  .   d - +0 cloak
rCorr    .         Harm     .   (gloves unavailable)
MR       .....                  (boots unavailable)
Stlth    +++.......             (no amulet)
HPRegen  0.06/turn              (no ring)
MPRegen  0.09/turn              (no ring)

@: lethally poisoned (0 -> -11), very quick
A: very small, unfitting armour, see invisible, herbivore, speed 3, slow
metabolism 2
a: no special abilities


You were on level 2 of the Dungeon.
You were not hungry.

You visited 1 branch of the dungeon, and saw 2 of its levels.

You collected 86 gold pieces.

Inventory:

Hand Weapons
 a - a +2 dagger (weapon)
 b - a +0 blowgun
 m - a +1 short sword of flaming
Missiles
 f - 2 curare-tipped needles
 k - 14 stones (quivered)
Armour
 c - a +0 robe (worn)
 d - a +0 cloak (worn)
Scrolls
 i - 4 scrolls of identify {unknown}
 j - a scroll of remove curse {unknown}
 l - a scroll of magic mapping {unknown}
 n - a scroll of blinking {unknown}
 o - 2 scrolls of teleportation {unknown}
Potions
 h - 2 potions of curing {unknown}
 p - a potion of lignification {unknown}
Comestibles
 g - 2 rations


   Skills:
 - Level 1.5 Fighting
 + Level 3.0 Short Blades
 + Level 2.7 Throwing
 + Level 3.1 Dodging
 + Level 6.5 Stealth


You had 2 spell levels left.
You didn't know any spells.
Your spell library was empty.

Dungeon Overview and Level Annotations

Branches:
Dungeon (2/15)

Altars:
Sif Muna
The Shining One


Innate Abilities, Weirdness & Mutations

You are very small and have problems with some larger weapons.
You are too small for most types of armour.
You have supernaturally acute eyesight. (SInv)
You are a herbivore.
You cover ground extremely quickly.
You need to consume almost no food.


Message History

You feel sick. The adder bites you.
You are lethally poisoned!
The adder poisons you!
You miss the adder.
The adder is moderately wounded.
The adder misses you.
You miss the adder.
The adder is moderately wounded.
You feel sick. The adder barely misses you.
You hit the adder.
The adder is heavily wounded.
You feel sick. The adder closely misses you.
You miss the adder.
The adder is heavily wounded.
You feel sick. The adder completely misses you. x2
You barely miss the adder.
The adder is heavily wounded.
* * * LOW HITPOINT WARNING * * *
You feel sick. The adder bites you.
You die...

#. ### #.# .# $.. #.# . .
#.###.## #.#. #......##
...#####.....# ...#......##
#.#######.#.#.#.## ####
#.(.........#.########.....
#########S@......รท.....#
################


You could see an adder.

Vanquished Creatures
  2 adders (D:2)
  2 dart slugs (D:1)
  5 leopard geckos
  A ball python (D:1)
  8 bats
  3 giant cockroaches (D:1)
  4 goblins (D:1)
  2 hobgoblins (D:2)
  3 kobolds (D:1)
  4 frilled lizards (D:1)
  5 rats
39 creatures vanquished.

Notes
Turn   | Place    | Note
-------+----------+-------------------------------------------
     0 | D:1      | Destapler the Spriggan Assassin began the quest for the
                  | Orb.
     0 | D:1      | Reached XP level 1. HP: 10/10 MP: 2/2
   204 | D:1      | Reached skill level 6 in Stealth
   231 | D:1      | Reached XP level 2. HP: 10/14 MP: 3/3
   976 | D:1      | Reached XP level 3. HP: 18/18 MP: 4/4
  1713 | D:2      | Found a glowing golden altar of the Shining One.
  2026 | D:2      | Found a deep blue altar of Sif Muna.
  2654 | D:2      | Slain by an adder

Skill      XL: |  1  2  3 |
---------------+----------+-----
Stealth        | 6 |  6.5
Dodging        | 2 3 |  3.1
Short Blades   | 3 |  3.0
Fighting       | |  1.5
Throwing       | |  2.7

Action                   || total
-------------------------++-------
Melee: Dagger            ||   153
 Fire: Blowgun           ||    25
Throw: Stone             ||     1
 Stab: Sleeping          ||    10
Armor: Robe              ||    24
Dodge: Dodged            ||   127
